Unix NetHack Version 3.7.0-89 Work-in-progress - last build Sep 8 2023 01:29:47 (8494bff02b67719303c47e298deaa89034127798,branch:master). Game began 2023-09-18 20:33:16, ended 2023-09-19 13:26:25. ranchyang96, neutral male human Tourist |.... .------- |..... .....``---------G.^. .-----....`h.`G@.... ------------. f Ranchyang96 the Sightseer St:13 Dx:12 Co:12 In:11 Wi:12 Ch:15 Neutral S:666 Dlvl:4 $:117 HP:0(31) Pw:21(21) AC:7 Xp:4/107 T:2049 Latest messages: g - a dagger (alternate weapon; not wielded) (4 in total). What do you want to write with? [- adgmnpqstABDGHL or ?*] - Do you want to add to the current engraving? [ynq] (y) n You wipe out the message that was written in the dust here. You write in the dust with your fingertip. What do you want to write in the dust here? Elbereth Something is written here in the dust. You read: "Elbereth". You see here a stout spear. What do you want to write with? [- adgmnpqstABDGHL or ?*] - You write in the dust with your fingertip. What do you want to write in the dust here? Elbereth Something is written here in the dust. You read: "El@ereth". You see no objects here. What do you want to write with? [- adgmnpqstABDGHL or ?*] - Do you want to add to the current engraving? [ynq] (y) n You wipe out the message that was written in the dust here. You write in the dust with your fingertip. What do you want to write in the dust here? Elbereth Something is written here in the dust. You read: "Elbereth". You see no objects here. Something is written here in the dust. You read: "Elbereth". You see no objects here. The housecat bites the giant bat. The giant bat misses the housecat. What do you want to write with? [- adgmnpqstABDGHL or ?*] - You write in the dust with your fingertip. What do you want to write in the dust here? Elbereth Something is written here in the dust. You read: "Elbereth". You see no objects here. The housecat bites the giant bat. What do you want to write with? [- adgmnpqstABDGHL or ?*] - You write in the dust with your fingertip. What do you want to write in the dust here? Elbereth Something is written here in the dust. You read: "Elberetf". You see no objects here. What do you want to write with? [- adgmnpqstABDGHL or ?*] - Do you want to add to the current engraving? [ynq] (y) n You wipe out the message that was written in the dust here. You write in the dust with your fingertip. What do you want to write in the dust here? Elbereth The gnome lord swings his bow. The gnome lord hits! You die... Do you want your possessions identified? [ynq] (y) q Inventory: Coins $ - 117 gold pieces Amulets I - an uncursed amulet of ESP (being worn) Weapons s - a +2 arrow d - 6 +0 crossbow bolts a - 24 +2 darts (at the ready) t - a +2 dart g - 4 +0 daggers (alternate weapons; not wielded) n - a +0 orcish dagger H - a +0 two-handed sword (weapon in hands) Armor r - an uncursed +0 orcish helm (being worn) u - an uncursed +0 orcish helm h - an uncursed +0 pair of iron shoes (being worn) o - an uncursed +0 dwarvish cloak (being worn) j - an uncursed +0 Hawaiian shirt with a jellyfish motif named mental (being worn) Comestibles b - 4 uncursed food rations l - an uncursed tripe ration e - an uncursed tin of broiled kobold meat f - 3 uncursed eggs Scrolls i - 4 uncursed scrolls of magic mapping Rings G - a cursed ring of fire resistance named C Wands m - a wand of sleep (0:6) A - a wand of teleportation (0:7) Tools k - an uncursed credit card c - an expensive camera (0:65) Gems/Stones D - an uncursed topaz stone q - an uncursed worthless piece of blue glass B - an uncursed worthless piece of green glass L - an uncursed worthless piece of red glass p - an uncursed worthless piece of yellow glass Ranchyang96 the Tourist's attributes: Background: You were a Sightseer, a level 4 male human Tourist. You were neutral, nominally on a mission for The Lady who was opposed by Blind Io (lawful) and Offler (chaotic). You were in the Gnomish Mines, on level 4. You entered the dungeon 2049 turns ago. You had 107 experience points, 53 more were needed to attain level 5. Your score was 666 before end-of-game adjustments. Basics: You had 0 out of 31 hit points. You had all 21 energy points (spell power). Your armor class was 7. Your wallet contained 117 zorkmids. Autopickup was on for '$"?+!=/' plus thrown. Final Characteristics: Your strength was 13 (limit:18/100). Your dexterity was 12 (limit:18). Your constitution was 12 (limit:18). Your intelligence was 11 (limit:18). Your wisdom was 12 (limit:18). Your charisma was 15 (limit:18). Final Status: You were not hungry. You were unencumbered. You were wielding a two-handed sword. You were unskilled in two-handed sword. Final Attributes: You were devoutly aligned. You were telepathic. You were warded. You are dead. Miscellaneous: You disabled loading of bones levels. Total elapsed playing time was 52 minutes and 1 second. Major events: Turn 1: ranchyang96 the neutral male human Tourist entered the dungeon 1004: attained the rank of Sightseer (level 3) 1018: entered the Gnomish Mines 2049: killed by a gnome lord Vanquished creatures: a shrieker a gnome leader a floating eye a kitten a dwarf a homunculus a giant bat a wererat an iguana an acid blob a gas spore 2 hobgoblins a cave spider 9 gnomes a gnome zombie 2 jackals a fox a kobold 2 goblins a sewer rat 3 grid bugs 2 lichens 4 kobold zombies 3 newts 43 creatures vanquished. No species were genocided or became extinct. Voluntary challenges: You were an atheist. You read items or engraved 22 times. You engraved Elbereth 13 times. You never genocided any monsters. You never polymorphed an object. You never changed form. You used no wishes. Achievements: You attained the rank of Sightseer. You entered the Gnomish Mines. The Dungeons of Doom: levels 1 to 5 Level 1: "box" Level 2: A fountain. Level 3: "DLeft" Stairs down to The Gnomish Mines. Level 4: "stash" A fountain. Level 5: The Gnomish Mines: Level 4: "Dark" <- You were here. Final resting place for you, killed by a gnome lord. Game over: ---------- / \ / REST \ / IN \ / PEACE \ / \ | ranchyang96 | | 117 Au | | killed by a | | gnome lord | | | | | | 2023 | *| * * * | * _________)/\\_//(\/(/\)/\//\/|_)_______ Aloha ranchyang96 the Tourist... You died in The Gnomish Mines on dungeon level 4 with 663 points, and 117 pieces of gold, after 2049 moves. You were level 4 with a maximum of 31 hit points when you died.